 Dungeon Crawl Stone Soup version 0.31-a0-267-g3fc6992b3b (webtiles) character file.

Game seed: 712107329449714495

102 qw the Shooter (level 4, -5/26 HPs)
             Began as a Gargoyle Hexslinger on July 14, 2023.
             Slain by Sigmund
             ... wielding a +0 scythe
              (7 damage)
             ... on level 2 of the Dungeon.
             The game lasted 00:00:34 (1038 turns).

qw the Shooter (Gargoyle Hexslinger)                Turns: 1038, Time: 00:00:35

Health: -5/26      AC:  5    Str: 12    XL:     4   Next: 78%
Magic:  5/5        EV: 12    Int: 13    God:
Gold:   146        SH:  0    Dex: 14    Spells: 4/5 levels left

rFire   . . .        Y - +1 sling (heavy)
rCold   . . .        (no shield)
rNeg    + . .        c - +0 robe
rPois   inf          (no helmet)
rElec   +            (no cloak)
rCorr   .            (no gloves)
SInv    .            (no boots)
Will    .....        (no amulet)
Stlth   +            (no ring)
HPRegen 0.24/turn    (no ring)
MPRegen 0.09/turn

%: no passive effects
@: no status effects
A: sickness immunity, AC +3, negative energy resistance 1, electricity
resistance, torment resistance 1, petrification resistance
a: no special abilities


You were on level 2 of the Dungeon.
You visited 1 branch of the dungeon, and saw 2 of its levels.

You collected 224 gold pieces.
You spent 78 gold pieces at shops.


Innate Abilities, Weirdness & Mutations

You are immune to sickness and miasma.
Your stone body is resilient. (AC +3)
You are immune to poison.
You resist negative energy. (rN+)
You are resistant to electric shocks. (rElec)
You are resistant to unholy torment.
You are immune to petrification.


   Skills:
 - Level 2.0 Fighting
 + Level 4.5 Ranged Weapons
 - Level 1.5 Dodging
 - Level 1.0 Spellcasting
 - Level 2.6 Hexes


You had 4 spell levels left.
You knew the following spells:

 Your Spells              Type           Power      Damage    Failure   Level
a - Slow                  Hex            28%        N/A       10%         1

Your spell library contained the following spells:

 Spells                   Type           Power      Damage    Failure   Level
 Inner Flame              Hex/Fire       4%         N/A       43%         3
 Portal Projectile        Hex/Tloc       8%         N/A       43%         3
 Cause Fear               Hex            3%         N/A       67%         4

Inventory:

Hand Weapons
 Y - a +1 heavy sling (weapon)
Armour
 b - a +0 leather armour
 c - a +0 robe (worn)
 j - a +0 ring mail
Jewellery
 d - a ring of fire
 h - a +6 ring of dexterity
Scrolls
 a - a scroll of identify
 g - a scroll of fog {unknown}
 i - a scroll of fear {unknown}
 k - 2 scrolls of revelation {unknown}
Potions
 e - a potion of might
 f - a potion of mutation {unknown}

Dungeon Overview and Level Annotations

Branches:
Dungeon (2/15)

Altars:

Shops:
D:2 *

Annotations:
D:2 Sigmund


Message History

Sigmund hits you from afar with a +0 scythe. x2
Enter note:
Enter note:
Enter note:
1027 ||| UPGRADING to +0 leather armour.
You start removing your armour.
You continue taking off your +0 robe.
Sigmund says, "Now you see me, now you don't..."
Sigmund hits you from afar with a +0 scythe.
You stop removing your armour.
1029 ||| UPGRADING to +0 leather armour.
Sigmund gestures wildly while chanting.
Sigmund flickers and vanishes!
Deactivating autopickup; reactivate with Ctrl-A.
You start removing your armour.
You continue taking off your +0 robe.
You hear some strange, mumbled words.
You stop removing your armour.
Something tries to affect you, but you resist.
Autopickup is now on.
1031 ||| UPGRADING to +0 leather armour.
You hear some strange, mumbled words.
Deactivating autopickup; reactivate with Ctrl-A.
You stop removing your armour.
You are confused.
Autopickup is now on.
Something barely misses you.
You hear some strange, mumbled words.
Deactivating autopickup; reactivate with Ctrl-A.
Something tries to affect you, but you resist.
Autopickup is now on.
Something hits you.
Deactivating autopickup; reactivate with Ctrl-A.
Autopickup is now on.
You feel less confused. Something hits you!
Deactivating autopickup; reactivate with Ctrl-A.
Autopickup is now on.
1037 ||| UPGRADING to +0 leather armour.
You start removing your armour.
You continue taking off your +0 robe.
Something hits you!
You stop removing your armour.
You die...

##.#..###.# #.#
##.#..# #.# #.#
......###.###.####
##...............#
###..###.######.#
#..# #.# #.#
####..# #.# #.#
.... .# #.# #.#
#### ## #.# #@# #
..# #.# # ### #{#
# #.# ... .#. . .
#. ..


There were no monsters in sight!

Vanquished Creatures
  Jessica (D:2)
  2 adders (D:2)
  2 dart slugs (D:1)
  5 bats
  6 endoplasms
  3 giant cockroaches
  7 hobgoblins
  2 jackals (D:2)
  2 quokkas
  7 ball pythons
  3 frilled lizards
  2 goblins
  4 kobolds (D:1)
  4 rats
50 creatures vanquished.

Notes
Turn   | Place    | Note
-------+----------+-------------------------------------------
     0 | D:1      | qw the Gargoyle Hexslinger began the quest for the Orb.
     0 | D:1      | Reached XP level 1. HP: 12/12 MP: 2/2
     0 | D:1      | 0 ||| qw: Version: 0.3-a-52-g30416fa
     0 | D:1      | 0 ||| qw: Game counter: 7876
     0 | D:1      | 0 ||| qw: Melee chars always use a shield: true
     0 | D:1      | 0 ||| qw: God list: Okawaru
     0 | D:1      | 0 ||| qw: Allow faded altars: false
     0 | D:1      | 0 ||| qw: Do Orc after clearing Dungeon:15 true
     0 | D:1      | 0 ||| qw: Do second Lair branch before Depths: true
     0 | D:1      | 0 ||| qw: Lair rune preference: random
     0 | D:1      | 0 ||| qw: Goals: Normal
     0 | D:1      | 0 ||| PLANNING D:1-11
   134 | D:1      | Reached XP level 2. HP: 16/16 MP: 3/3
   155 | D:1      | Reached skill level 3 in Ranged Weapons
   249 | D:1      | Reached XP level 3. HP: 21/21 MP: 4/4
   391 | D:1      | You fall into a shaft and drop 1 floor!
   489 | D:2      | 489 ||| DROPPING ring of wizardry.
   490 | D:2      | 490 ||| READING scroll labelled DOG YLYIWOE.
   491 | D:2      | 491 ||| READING scroll labelled ZUFUIX URUTO.
   492 | D:2      | 492 ||| DROPPING scroll of poison.
   824 | D:2      | Found Etuytz's General Store.
   839 | D:2      | 839 ||| BUYING +0 leather armour (26 gold).
   839 | D:2      | Bought a +0 leather armour for 26 gold pieces
   839 | D:2      | 839 ||| BUYING potion of might (52 gold).
   839 | D:2      | Bought a potion of might for 52 gold pieces
   866 | D:2      | Reached XP level 4. HP: 21/26 MP: 5/5
   906 | D:2      | Noticed Jessica
   908 | D:2      | Killed Jessica
   909 | D:2      | Reached skill level 4 in Ranged Weapons
  1019 | D:2      | Noticed Sigmund
  1027 | D:2      | 1027 ||| UPGRADING to +0 leather armour.
  1029 | D:2      | 1029 ||| UPGRADING to +0 leather armour.
  1031 | D:2      | 1031 ||| UPGRADING to +0 leather armour.
  1036 | D:2      | HP: 1/26 [something (8)]
  1037 | D:2      | 1037 ||| UPGRADING to +0 leather armour.
  1038 | D:2      | Slain by Sigmund

Levels and vault maps discovered:
D:1:      kennysheep_arrival_forest, layout_basic
D:2:      layout_loops_ring, serial_shops, shop_coins,
          dreamdust_ecumenical_altar_angels_and_demons,
          kennysheep_generic_room_7, uniq_sigmund, uniq_jessica

Skill      XL: |  1  2  3  4 |
---------------+-------------+-----
Ranged Weapons | 3 4 |  4.5
Fighting       | 2 |  2.0
Dodging        | |  1.5
Spellcasting   | |  1.0
Hexes          | |  2.6

Action                     |  1- 3 |  4- 6 || total
---------------------------+-------+-------++-------
   Fire: Sling             |    99 |    26 ||   125
    Use: Scroll            |     2 |       ||     2
 Armour: Robe              |    22 |     7 ||    29
  Dodge: Dodged            |    42 |     6 ||    48

Table legend:
 A = Non-vault XP
 B = Vault XP
 C = Vault XP percentage of total XP
 D = Non-vault monster count
 E = Vault monster count
 F = Vault count percentage of total count
                 A         B        C        D         E       F
            +---------+---------+-------+---------+---------+-------
      Total |     105 |      42 |  28.6 |      46 |       4 |   8.0
            +---------+---------+-------+---------+---------+-------
        D:1 |      53 |       0 |   0.0 |      29 |       0 |   0.0
        D:2 |      52 |      42 |  44.7 |      17 |       4 |  19.0
            +---------+---------+-------+---------+---------+-------
